 Dungeon Crawl Stone Soup version 0.30-a0-568-g124715a40b (webtiles) character file.

Game seed: 14799274030237302534

400 bmack86 the Chopper (level 6, -2/56 HPs)
             Began as a Minotaur Fighter on Dec 29, 2022.
             Succumbed to a killer bee's poison
             ... on level 4 of the Dungeon.
             The game lasted 00:08:07 (2435 turns).

bmack86 the Chopper (Minotaur Fighter)              Turns: 2435, Time: 00:08:07

Health: -2/56      AC:  7    Str: 22    XL:     6   Next: 54%
Magic:  5/5        EV:  9    Int:  5    God:
Gold:   175        SH:  5    Dex: 10    Spells: 5/5 levels left

rFire   . . .      SeeInvis .    a - +0 war axe
rCold   . . .      Faith    .    c - +0 buckler
rNeg    . . .      Spirit   .    b - +0 scale mail
rPois   .          Reflect  .    (helmet restricted)
rElec   .          Harm     .    (no cloak)
rCorr   .          Rampage  .    (no gloves)
Will    .....                    (no boots) Stlth
                                 u - amulet of magic regeneration
HPRegen 0.29/turn                (no ring)
MPRegen 0.49/turn                (no ring)

@: lethally poisoned (-2 -> -10)
A: horns 2, retaliatory headbutt
a: no special abilities


You were on level 4 of the Dungeon.
You visited 1 branch of the dungeon, and saw 4 of its levels.
You also visited: Sewer.

You collected 175 gold pieces.

Inventory:

Hand Weapons
 a - a +0 war axe (weapon)
Missiles
 k - 14 poisoned darts
 o - 6 javelins (quivered)
Armour
 b - a +0 scale mail (worn)
 c - a +0 buckler (worn)
Jewellery
 u - an amulet of magic regeneration (around neck)
Wands
 n - a wand of flame (9)
Scrolls
 e - 2 scrolls of teleportation
 f - 3 scrolls of amnesia
 g - a scroll of blinking {unknown}
 h - 2 scrolls of enchant weapon {unknown}
 i - 2 scrolls of magic mapping {unknown}
 l - 2 scrolls of vulnerability
 m - a scroll of enchant armour {unknown}
 r - a scroll of fear {unknown}
 t - a scroll of butterflies {unknown}
Potions
 d - 3 potions of flight
 j - 2 potions of degeneration
 p - 3 potions of curing
 s - a potion of brilliance


   Skills:
 + Level 5.0 Fighting
 * Level 5.2 Axes
 + Level 2.0 Throwing
 + Level 5.0 Armour
 + Level 5.0 Shields


You had 5 spell levels left.
You didn't know any spells.
Your spell library contained the following spells:

 Spells                   Type           Power      Damage    Failure   Level
 Call Canine Familiar     Summ           0%         N/A       99%         3
 Portal Projectile        Hex/Tloc       0%         N/A       99%         3
 Leda's Liquefaction      Hex/Erth       0%         N/A       100%        4


Dungeon Overview and Level Annotations

Branches:
Dungeon (4/15)              Sewer (visited)
 Temple: D:4-7

Altars:


Innate Abilities, Weirdness & Mutations

You have a pair of horns on your head.
You reflexively headbutt those who attack you in melee.


Message History

You feel sick. The killer bee barely misses you. You furiously retaliate!
You headbutt the killer bee!
You kill the killer bee!
You block the killer bee's attack.
Your Fighting skill increases to level 5!
Your Throwing skill increases to level 2!
Your Shields skill increases to level 5!
You closely miss the killer bee.
You feel sick. The killer bee stings you.
The killer bee stings you but does no damage.
The killer bee stings you.
You closely miss the killer bee. You headbutt the killer bee.
The killer bee is lightly wounded.
You feel sick.
You are no longer poisoned.
The killer bee stings you.
You are poisoned.
The killer bee poisons you! The killer bee stings you!
You barely miss the killer bee. Your headbutt misses the killer bee.
The killer bee is lightly wounded.
You feel very sick. The killer bee barely misses you.
The killer bee closely misses you. You furiously retaliate!
You headbutt the killer bee. The killer bee stings you!
* * * LOW HITPOINT WARNING * * *
You are lethally poisoned!
The killer bee poisons you!
You miss the killer bee.
The killer bee is heavily wounded.
* * * LOW HITPOINT WARNING * * *
You feel very sick.
The killer bee stings you but does no damage.
You block the killer bee's attack.
You miss the killer bee.
The killer bee is heavily wounded.
* * * LOW HITPOINT WARNING * * *
You feel very sick.
The killer bee barely misses you. x2; You block the killer bee's attack.
You barely miss the killer bee.
The killer bee is heavily wounded.
You die...

#......##.
#..J.....
#.......#
#.......#
.##.......####.
..
.......J.......
.. #........# #
.## ####.# #. ..#
#.@yK# ##. #.#
#####.####
...#.#####.....#
..#.#.##....#####
#........####
#.#.#.#### #.#.#
#.#.# ##
#.#.#####...


You could see a killer bee and a kobold.

Vanquished Creatures
  2 kobold brigands (Sewer)
  3 killer bees (D:4)
  An iguana (D:4)
  A river rat (Sewer)
  2 adders
  A worm (D:3)
  A dart slug (D:1)
  An orc (D:4)
  8 ball pythons
  2 bats (D:3)
  8 endoplasms
  5 giant cockroaches
  3 hobgoblins
  5 jackals
  8 kobolds
  3 quokkas
  6 frilled lizards
  4 goblins
  6 rats
70 creatures vanquished.

Vanquished Creatures (others)
  13 plants (D:2)
13 creatures vanquished.

Grand Total: 83 creatures vanquished

Notes
Turn   | Place    | Note
-------+----------+-------------------------------------------
     0 | D:1      | bmack86 the Minotaur Fighter began the quest for the Orb.
     0 | D:1      | Reached XP level 1. HP: 19/19 MP: 0/0
    82 | D:1      | Found a faded altar of an unknown god.
    98 | D:1      | Reached XP level 2. HP: 27/27 MP: 1/1
   463 | D:1      | Reached XP level 3. HP: 30/33 MP: 2/2
  1260 | D:3      | Found a glowing drain.
  1282 | Sewer    | Entered a sewer
  1288 | Sewer    | Reached XP level 4. HP: 32/40 MP: 3/3
  1348 | Sewer    | Noticed a kobold brigand
  1350 | Sewer    | Noticed a kobold brigand
  1358 | Sewer    | Killed a kobold brigand
  1359 | Sewer    | Reached skill level 1 in Throwing
  1359 | Sewer    | Reached XP level 5. HP: 26/47 MP: 4/4
  1549 | Sewer    | Found a white marble altar of Elyvilon.
  2278 | D:4      | Reached XP level 6. HP: 23/53 MP: 5/5
  2428 | D:4      | Reached skill level 5 in Axes
  2428 | D:4      | Reached skill level 5 in Armour
  2430 | D:4      | Reached skill level 5 in Fighting
  2430 | D:4      | Reached skill level 5 in Shields
  2434 | D:4      | HP: 1/56 [poisoned by a killer bee]
  2435 | D:4      | Succumbed to a killer bee's poison

Illustrated notes

Levels and vault maps discovered:
D:1:      minmay_arrival_loop, layout_basic,
          dreamdust_ecumenical_altar_angels_and_demons
D:2:      minmay_kobold_bridge, layout_loops_ring, serial_bayou_pond_c
D:3:      layout_basic, cheibrodos_sewer_entry_bend
D:4:      layout_rooms

Skill      XL: |  1  2  3  4  5  6 |
---------------+-------------------+-----
Shields        | 4 5 |  5.0
Fighting       | 4 5 |  5.0
Armour         | 4 5 |  5.0
Axes           | 3 4 5 |  5.2
Throwing       | 1 2 |  2.0

Action                   |  1- 3 |  4- 6 || total
-------------------------+-------+-------++-------
Melee: War axe           |    96 |    63 ||   159
       Headbutt          |    15 |    11 ||    26
Throw: Dart              |     2 |       ||     2
       Javelin           |       |     2 ||     2
Evoke: Wand              |     4 |       ||     4
  Use: Scroll            |     5 |     1 ||     6
       Potion            |       |     1 ||     1
Armor: Scale mail        |    29 |    24 ||    53
Dodge: Dodged            |    38 |    38 ||    76
Block: Buckler           |    15 |    19 ||    34

Table legend: (Time is in decaauts)
 A = Elapsed time spent in this place.
 B = Non-inter-level travel time spent in this place.
 C = Inter-level travel time spent in this place.
 D = Time resting spent in this place.
 E = Time spent auto-exploring this place.
 F = Levels seen in this place.
 G = Mean time per level.
                   A        B        C        D        E       F      G
               +--------+--------+--------+--------+--------+-----+--------+
         Total |   2542 |   2477 |     65 |    241 |   1217 |   5 |  508.4 |
       Dungeon |   2198 |   2133 |     65 |     96 |   1165 |   4 |  549.5 |
         Sewer |    343 |    343 |      0 |    145 |     51 |   1 |  343.0 |
               +--------+--------+--------+--------+--------+-----+--------+

Top non-repeatable levels by time:
     D:3: 765 daAuts
     D:2: 747 daAuts
     D:1: 506 daAuts
   Sewer: 343 daAuts
     D:4: 179 daAuts
